| TOP OF THE 1ST |
|
San Francisco Giants batting - Pitching for St. Louis Cardinals : LHP Willie Hernandez
|
|
Pitching: LHP Willie Hernandez
|
|
|
Batting: SHB Kevin Bass
|
0-0: Ball 1-0: Foul Ball, location: 2F 1-1: Ball 2-1: Fly out, F8 (Flyball, 89S, EV 95.0 MPH)
|
|
Batting: LHB Ken Griffey Sr
|
0-0: Called Strike 0-1: Swinging Strike 0-2: Ground out 6-3 (Groundball, 6, EV 88.8 MPH)
|
|
Batting: LHB Keith Hernandez
|
0-0: Ball 1-0: Ground out 6-3 (Groundball, 56, EV 101.9 MPH)
|
| Top of the 1st over - 0 runs, 0 hits, 0 errors, 0 left on base; San Francisco 0 - St. Louis 0 |
| BOTTOM OF THE 1ST |
|
St. Louis Cardinals batting - Pitching for San Francisco Giants : LHP Floyd Bannister
|
|
Pitching: LHP Floyd Bannister
|
|
|
Batting: SHB Otis Nixon
|
0-0: Called Strike 0-1: Ball 1-1: Foul Ball, location: 2F 1-2: Foul Ball, location: 2F 1-2: SINGLE (Groundball, 4D, EV 103.8 MPH)
|
|
Batting: SHB Billy E Smith
|
0-0: Called Strike 0-1: Ball 1-1: Foul Ball, location: 2F 1-2: Ball 2-2: Ball 3-2: Foul Ball, location: 2F 3-2: Foul Ball, location: 2F 3-2: Fly out, F7 (Flyball, 78S, EV 91.9 MPH)
|
|
Batting: RHB Sixto Lezcano
|
0-0: Ball Otis Nixon is caught stealing 2nd base 2-4 1-0: SOLO HOME RUN (Flyball, 7LD, EV 110.6 MPH), Distance : 361 ft
|
|
Batting: RHB Bob Watson
|
0-0: Foul Ball, location: 2F 0-1: Swinging Strike 0-2: Ball 1-2: Fly out, F8 (Line Drive, 8LD, EV 91.9 MPH)
|
| Bottom of the 1st over - 1 run, 2 hits, 0 errors, 0 left on base; San Francisco 0 - St. Louis 1 |
| TOP OF THE 2ND |
|
San Francisco Giants batting - Pitching for St. Louis Cardinals : LHP Willie Hernandez
|
|
Batting: RHB Phil Bailey
|
0-0: Foul Ball, location: 2F 0-1: Swinging Strike 0-2: Fly out, F7 (Flyball, 7LM, EV 100.6 MPH)
|
|
Batting: RHB Don Slaught
|
0-0: Called Strike 0-1: Ground out 5-3 (Groundball, 56, EV 89.4 MPH)
|
|
Batting: RHB Kevin Howard
|
0-0: Ball 1-0: Ball 2-0: Ball 3-0: SINGLE (Popup, 6D, EV 53.8 MPH)
|
|
Batting: RHB Dickie Thon
|
0-0: Called Strike 0-1: Ball Kevin Howard is caught stealing 2nd base 2-4
|
| Top of the 2nd over - 0 runs, 1 hit, 0 errors, 0 left on base; San Francisco 0 - St. Louis 1 |
| BOTTOM OF THE 2ND |
|
St. Louis Cardinals batting - Pitching for San Francisco Giants : LHP Floyd Bannister
|
|
Batting: LHB Jim Gantner
|
0-0: Ball 1-0: Ball 2-0: Ground out 6-3 (Groundball, 6, EV 80.0 MPH)
|
|
Batting: RHB Joe Torre
|
0-0: Ball 1-0: Fly out, F9 (Flyball, 89S, EV 91.9 MPH)
|
|
Batting: LHB Pat Putnam
|
0-0: Swinging Strike 0-1: Called Strike 0-2: Strikes out swinging
|
| Bottom of the 2nd over - 0 runs, 0 hits, 0 errors, 0 left on base; San Francisco 0 - St. Louis 1 |
| TOP OF THE 3RD |
|
San Francisco Giants batting - Pitching for St. Louis Cardinals : LHP Willie Hernandez
|
|
Batting: RHB Dickie Thon
|
0-0: Ground out 4-3 (Groundball, 4, EV 83.8 MPH)
|
|
Batting: RHB Billy L Smith
|
0-0: Called Strike 0-1: Called Strike 0-2: Strikes out looking
|
|
Batting: LHB Floyd Bannister
|
0-0: Swinging Strike 0-1: Ball 1-1: Swinging Strike 1-2: Strikes out swinging
|
| Top of the 3rd over - 0 runs, 0 hits, 0 errors, 0 left on base; San Francisco 0 - St. Louis 1 |
| BOTTOM OF THE 3RD |
|
St. Louis Cardinals batting - Pitching for San Francisco Giants : LHP Floyd Bannister
|
|
Batting: RHB Pascual D'Annunzio
|
0-0: Swinging Strike 0-1: SINGLE (Groundball, P, EV 92.5 MPH) (infield hit)
|
|
Batting: LHB Willie Hernandez
|
0-0: Called Strike 0-1: Bunted foul 0-2: Bunted foul, Strikeout!
|
|
Batting: SHB Otis Nixon
|
0-0: Ball 1-0: Grounds into double play, 4-6-3 (Groundball, 34, EV 103.8 MPH)
|
| Bottom of the 3rd over - 0 runs, 1 hit, 0 errors, 0 left on base; San Francisco 0 - St. Louis 1 |
| TOP OF THE 4TH |
|
San Francisco Giants batting - Pitching for St. Louis Cardinals : LHP Willie Hernandez
|
|
Batting: SHB Kevin Bass
|
0-0: Ball 1-0: Ground out 5-3 (Groundball, 56, EV 90.0 MPH)
|
|
Batting: LHB Ken Griffey Sr
|
0-0: Called Strike 0-1: Ball 1-1: Called Strike 1-2: Strikes out swinging
|
|
Batting: LHB Keith Hernandez
|
0-0: Called Strike 0-1: Ground out 4-3 (Groundball, 4, EV 79.4 MPH)
|
| Top of the 4th over - 0 runs, 0 hits, 0 errors, 0 left on base; San Francisco 0 - St. Louis 1 |
| BOTTOM OF THE 4TH |
|
St. Louis Cardinals batting - Pitching for San Francisco Giants : LHP Floyd Bannister
|
|
Batting: SHB Billy E Smith
|
0-0: Foul Ball, location: 2F 0-1: Ball 1-1: Foul Ball, location: 2F 1-2: Ball 2-2: Fly out, F9 (Flyball, 89D, EV 99.4 MPH)
|
|
Batting: RHB Sixto Lezcano
|
0-0: Called Strike 0-1: Ball 1-1: SINGLE (Line Drive, 5D, EV 107.5 MPH)
|
|
Batting: RHB Bob Watson
|
0-0: Ball 1-0: Fly out, F7 (Line Drive, 7, EV 95.0 MPH)
|
|
Batting: LHB Jim Gantner
|
0-0: Ball 1-0: Ball 2-0: SINGLE (Line Drive, 7S, EV 92.5 MPH) Sixto Lezcano to second Runner from 2nd tries for 3rd, SAFE, no throw by LF
|
|
Batting: RHB Joe Torre
|
0-0: Ball 1-0: Ball 2-0: Swinging Strike 2-1: SINGLE (Flyball, 6D, EV 93.8 MPH) Sixto Lezcano scores Jim Gantner to second Runner from 2nd tries for 3rd, SAFE, no throw by LF
|
|
Batting: LHB Pat Putnam
|
0-0: SINGLE (Groundball, 6MD, EV 105.6 MPH) Jim Gantner scores Joe Torre to second Runner from 2nd tries for 3rd, SAFE, throw by CF made to third
|
|
Batting: RHB Pascual D'Annunzio
|
0-0: Fly out, F2 (Popup, 2R, EV 97.5 MPH)
|
| Bottom of the 4th over - 2 runs, 4 hits, 0 errors, 2 left on base; San Francisco 0 - St. Louis 3 |
| TOP OF THE 5TH |
|
San Francisco Giants batting - Pitching for St. Louis Cardinals : LHP Willie Hernandez
|
|
Batting: RHB Phil Bailey
|
0-0: SOLO HOME RUN (Line Drive, 7D, EV 109.4 MPH), Distance : 378 ft
|
|
Batting: RHB Don Slaught
|
0-0: Called Strike 0-1: Foul Ball, location: 2F 0-2: Ball 1-2: Strikes out swinging
|
|
Batting: RHB Kevin Howard
|
0-0: SINGLE (Groundball, 6D, EV 100.0 MPH)
|
|
Batting: RHB Dickie Thon
|
0-0: Swinging Strike 0-1: Swinging Strike 0-2: Fielders Choice at 2nd, 1-6 (Groundball, 13, EV 63.8 MPH)
|
|
Batting: RHB Billy L Smith
|
0-0: Ball 1-0: Swinging Strike 1-1: Ball 2-1: Called Strike 2-2: Fly out, F7 (Flyball, 7, EV 89.4 MPH)
|
| Top of the 5th over - 1 run, 2 hits, 0 errors, 1 left on base; San Francisco 1 - St. Louis 3 |
| BOTTOM OF THE 5TH |
|
St. Louis Cardinals batting - Pitching for San Francisco Giants : LHP Floyd Bannister
|
|
Batting: LHB Willie Hernandez
|
0-0: Called Strike 0-1: Foul Ball, location: 2F 0-2: Strikes out looking
|
|
Batting: SHB Otis Nixon
|
0-0: Ball 1-0: Ball 2-0: Called Strike 2-1: Foul Ball, location: 2F 2-2: Ground out 6-3 (Groundball, 6, EV 106.3 MPH)
|
|
Batting: SHB Billy E Smith
|
0-0: Ball 1-0: Swinging Strike 1-1: Ball 2-1: Foul Ball, location: 2F 2-2: TRIPLE (Flyball, 89XD, EV 111.9 MPH)
|
|
Batting: RHB Sixto Lezcano
|
0-0: Called Strike 0-1: Ball 1-1: Foul Ball, location: 2F 1-2: DOUBLE (Flyball, 78D, EV 103.1 MPH) Billy E Smith scores
|
|
Batting: RHB Bob Watson
|
0-0: Ball 1-0: Called Strike 1-1: Fly out, F9 (Flyball, 9LS, EV 78.1 MPH)
|
| Bottom of the 5th over - 1 run, 2 hits, 0 errors, 1 left on base; San Francisco 1 - St. Louis 4 |
| TOP OF THE 6TH |
|
San Francisco Giants batting - Pitching for St. Louis Cardinals : LHP Willie Hernandez
|
|
Batting: LHB Floyd Bannister
|
0-0: Ball 1-0: Called Strike 1-1: Swinging Strike 1-2: Foul Ball, location: 2F 1-2: Ball 2-2: Strikes out swinging
|
|
Batting: SHB Kevin Bass
|
0-0: Called Strike 0-1: Called Strike 0-2: Ball 1-2: Fly out, F8 (Line Drive, 8RM, EV 84.4 MPH)
|
|
Batting: LHB Ken Griffey Sr
|
0-0: Foul Ball, location: 2F 0-1: Foul Ball, location: 2F 0-2: Ball 1-2: Foul Ball, location: 2F 1-2: Ground out 4-3 (Groundball, 4, EV 110.0 MPH)
|
| Top of the 6th over - 0 runs, 0 hits, 0 errors, 0 left on base; San Francisco 1 - St. Louis 4 |
| BOTTOM OF THE 6TH |
|
St. Louis Cardinals batting - Pitching for San Francisco Giants : LHP Floyd Bannister
|
|
Batting: LHB Jim Gantner
|
0-0: Foul Ball, location: 2F 0-1: Fly out, F8 (Line Drive, 8RD, EV 91.9 MPH)
|
|
Batting: RHB Joe Torre
|
0-0: Ball 1-0: Swinging Strike 1-1: Swinging Strike 1-2: Ball 2-2: Fly out, F8 (Flyball, 89D, EV 101.9 MPH)
|
|
Batting: LHB Pat Putnam
|
0-0: Ball 1-0: Called Strike 1-1: SOLO HOME RUN (Flyball, 9LD, EV 100.0 MPH), Distance : 346 ft
|
|
Batting: RHB Pascual D'Annunzio
|
0-0: Ball 1-0: Foul Ball, location: 2F 1-1: Ball 2-1: Ball 3-1: Fly out, F3 (Flyball, 34D, EV 73.1 MPH)
|
| Bottom of the 6th over - 1 run, 1 hit, 0 errors, 0 left on base; San Francisco 1 - St. Louis 5 |
| TOP OF THE 7TH |
|
San Francisco Giants batting - Pitching for St. Louis Cardinals : LHP Willie Hernandez
|
|
Batting: LHB Keith Hernandez
|
0-0: Called Strike 0-1: Foul Ball, location: 2F 0-2: Ball 1-2: Ball 2-2: Ball 3-2: Strikes out swinging
|
|
Batting: RHB Phil Bailey
|
0-0: Ball 1-0: SINGLE (Flyball, 8LS, EV 85.0 MPH) - OUT at second base trying to stretch hit.
|
|
Batting: RHB Don Slaught
|
0-0: Ball 1-0: Called Strike 1-1: DOUBLE (Line Drive, 89D, EV 104.4 MPH)
|
|
Batting: RHB Kevin Howard
|
0-0: Ball 1-0: Fly out, F8 (Flyball, 78XD, EV 102.5 MPH)
|
| Top of the 7th over - 0 runs, 2 hits, 0 errors, 1 left on base; San Francisco 1 - St. Louis 5 |
| BOTTOM OF THE 7TH |
|
St. Louis Cardinals batting - Pitching for San Francisco Giants : LHP Floyd Bannister
|
|
Batting: LHB Willie Hernandez
|
0-0: Ground out U3 (Groundball, 3, EV 81.3 MPH)
|
|
Batting: SHB Otis Nixon
|
0-0: Ball 1-0: Ball 2-0: Ball 3-0: Called Strike 3-1: Ground out U3 (Groundball, 13, EV 90.6 MPH)
|
|
Batting: SHB Billy E Smith
|
0-0: Called Strike 0-1: Ground out U3 (Groundball, 34, EV 82.5 MPH)
|
| Bottom of the 7th over - 0 runs, 0 hits, 0 errors, 0 left on base; San Francisco 1 - St. Louis 5 |
| TOP OF THE 8TH |
|
San Francisco Giants batting - Pitching for St. Louis Cardinals : LHP Willie Hernandez
|
|
Batting: RHB Dickie Thon
|
0-0: Ball 1-0: Swinging Strike 1-1: Called Strike 1-2: Foul Ball, location: 2F 1-2: Strikes out swinging
|
|
Batting: RHB Billy L Smith
|
0-0: Swinging Strike 0-1: Ground out 5-3 (Groundball, 56S, EV 66.9 MPH)
|
|
Pinch Hitting: LHB Kevin Christensen
|
0-0: Ground out 4-3 (Groundball, 4, EV 111.9 MPH)
|
| Top of the 8th over - 0 runs, 0 hits, 0 errors, 0 left on base; San Francisco 1 - St. Louis 5 |
| BOTTOM OF THE 8TH |
|
St. Louis Cardinals batting - Pitching for San Francisco Giants : LHP Floyd Bannister
|
|
Pitching: RHP Dave Ford
|
|
|
Batting: RHB Sixto Lezcano
|
0-0: SINGLE (Flyball, 5D, EV 85.6 MPH)
|
|
Batting: RHB Bob Watson
|
0-0: Ball Sixto Lezcano steals 2nd base (no throw) 1-0: Called Strike Sixto Lezcano steals 3rd base 1-1: Ball 2-1: SINGLE (Flyball, 8LS, EV 90.6 MPH) Sixto Lezcano scores
|
|
Batting: LHB Jim Gantner
|
0-0: Foul Ball, location: 2F 0-1: Fly out, F9 (Flyball, 9LS, EV 94.4 MPH)
|
|
Batting: RHB Joe Torre
|
0-0: DOUBLE (Line Drive, 7LM, EV 100.6 MPH) Bob Watson to third Runner from 3rd tries for Home, SAFE, throw by LF to home
|
|
Batting: LHB Pat Putnam
|
0-0: 2-RUN HOME RUN (Flyball, 9LD, EV 88.8 MPH), Distance : 350 ft
|
|
Pitching: RHP Dave Frost
|
|
|
Batting: RHB Pascual D'Annunzio
|
0-0: Called Strike 0-1: Ball 1-1: Ground out 5-3 (Groundball, 56S, EV 81.3 MPH)
|
|
Batting: LHB Willie Hernandez
|
0-0: Called Strike 0-1: Ball 1-1: Ball 2-1: Called Strike 2-2: Foul Ball, location: 2F 2-2: Strikes out swinging
|
| Bottom of the 8th over - 4 runs, 4 hits, 0 errors, 0 left on base; San Francisco 1 - St. Louis 9 |
| TOP OF THE 9TH |
|
San Francisco Giants batting - Pitching for St. Louis Cardinals : LHP Willie Hernandez
|
|
Batting: SHB Kevin Bass
|
0-0: Ball 1-0: Ball 2-0: Reached on error, E9 (Line Drive, 9, EV 95.0 MPH)
|
|
Batting: LHB Ken Griffey Sr
|
0-0: Ground out 6-3 (Groundball, 6, EV 106.3 MPH)
|
|
Batting: LHB Keith Hernandez
|
0-0: Called Strike 0-1: Ball 1-1: Ball 2-1: Swinging Strike 2-2: Fly out, F9 (Flyball, 9D, EV 98.1 MPH) Runner from 2nd tags up, SAFE at 3rd, no throw by RF
|
|
Batting: RHB Phil Bailey
|
0-0: Called Strike 0-1: Ball 1-1: Fly out, F3 (Flyball, 34D, EV 95.0 MPH)
|
| Top of the 9th over - 0 runs, 0 hits, 1 error, 1 left on base; San Francisco 1 - St. Louis 9 |
|